Map: Ulrena

Players

capac - Winner!

  • Race: Terran Terran
  • League: Gold

A.I. 1 (Elite)

  • Race: Protoss Protoss

VOD

Have the link to the VOD?

Description

Time

  • Played on: April 17, 2016, 9:37 a.m.
  • Length: 12:51
Show
View Real Time Build Order
Export as new Build Order

capac Terran - Winner!

Build Orders: Reaper Expand, MMM Bio 

Get SALT Encoding   

  12  0:00  SCV  
  13  0:13  SCV  
  14  0:18  Supply Depot  
  14  0:25  SCV  
  15  0:39  SCV  
  15  0:41  Barracks  
  16  0:46  Refinery  
  16  0:53  SCV  
  17  1:05  SCV  
  18  1:17  SCV  
  19  1:28  Reaper  
  19  1:30  Orbital Command  
  20  1:44  Command Center  
  20  1:52  Supply Depot  
  20  1:56  SCV  
  20  2:00  Marine  
  22  2:13  Factory  
  22  2:15  Refinery  
  22  2:23  Barracks  
  22  2:34  SCV  
  23  2:37  Barracks Reactor  
  23  2:46  SCV  
  24  2:57  Orbital Command  
  24  2:58  SCV  
  25  3:00  Factory Tech Lab  
  25  3:03  Starport  
  25  3:10  SCV  
  26  3:13  Marine x2  
  26  3:15  Barracks Tech Lab  
  28  3:22  SCV  
  29  3:30  Siege Tank  
  29  3:31  Marine  
  29  3:32  Marine  
  34  3:34  SCV  
  34  3:38  Marine  
  36  3:44  SCV  
  36  3:46  SCV  
  36  3:47  Medivac  
  40  3:52  Marine x2  
  40  3:54  Refinery  
  42  3:56  SCV  
  42  3:58  SCV  
  42  3:59  Marine  
  45  4:09  SCV  
  46  4:17  Supply Depot  
  46  4:22  Supply Depot  
  46  4:31  Starport Reactor  
  46  4:38  Marine x3, Siege Tank, SCV  
  53  4:40  SCV  
  53  4:45  Supply Depot  
  54  4:46  Supply Depot  
  54  4:50  SCV  
  55  4:54  Command Center  
  55  5:08  Marine x3  
  55  5:12  SCV x2  
  60  5:14  Medivac x2  
  60  5:19  Supply Depot  
  64  5:26  Marine x2  
  66  5:29  Barracks  
  66  5:30  SCV x2  
  68  5:37  Refinery  
  68  5:41  Marine  
  68  5:42  Supply Depot  
  69  5:51  Marine x2  
  69  5:52  SCV x2  
  69  5:55  Siege Tank  
  76  5:59  Marine  
  77  6:04  SCV x2  
  77  6:08  Marine  
  80  6:13  Marine  
  80  6:16  Barracks, SCV x2  
  80  6:17  Supply Depot, Marine  
  84  6:19  Barracks Reactor  
  84  6:22  Stimpack  
  84  6:26  Barracks  
  84  6:28  Siege Tank  
  84  6:30  SCV x2  
  84  6:31  Liberator x2  
  89  6:38  Marine x3  
  92  6:43  Supply Depot  
  92  6:49  SCV  
  92  6:50  SCV  
  100  6:54  Orbital Command  
  100  6:57  Marine x2  
  102  7:03  Marine x2  
  102  7:05  Barracks Tech Lab  
  104  7:12  Starport  
  104  7:14  Liberator x2  
  104  7:16  Marine x3  
  104  7:17  Barracks Reactor  
  107  7:25  Marine x3  
  107  7:27  Siege Tank  
  113  7:32  Supply Depot  
  113  7:34  Supply Depot  
  113  7:35  SCV  
  113  7:36  SCV x2  
  122  7:39  Combat Shields  
  122  7:47  Marine x3  
  125  7:52  Starport Reactor  
  125  7:54  Marauder x2, Marine  
  125  7:57  Supply Depot x2  
  125  7:58  SCV x3  
  132  8:01  Marine x2, Liberator x2  
  132  8:05  Marine  
  136  8:10  SCV x3  
  139  8:16  Marauder  
  139  8:18  Marauder  
  149  8:20  Supply Depot x2  
  149  8:25  Marine x6  
  155  8:28  SCV x2  
  155  8:29  SCV  
  154  8:45  Medivac x2  
  156  8:50  Marine x2  
  156  8:51  Marine x4  
  156  8:53  Marauder x2  
  166  8:57  SCV x2  
  166  8:58  SCV  
  166  9:00  Refinery  
  166  9:01  Refinery, Medivac x2  
  173  9:21  Supply Depot  
  173  9:22  Supply Depot, Marine x4, Siege Tank, SCV  
  181  9:31  Command Center  
  181  9:42  Marine x3  
  181  9:43  Marauder x2  
  188  9:47  Marine  
  188  9:48  Marine x2  
  188  9:52  Supply Depot  
  191  9:55  Fusion Core  
  191  10:04  Marauder x2  
  192  10:30  Marine x5  
  192  10:31  Marine x3  
  196  11:27  Marine x4  
Show
View Real Time Build Order
Export as new Build Order

A.I. 1 (Elite) Protoss 

Build Orders: Zealot Archon 

Get SALT Encoding   

  12  0:01  Probe (Chrono Boost)  
  13  0:11  Probe (Chrono Boost)  
  14  0:20  Pylon  
  14  0:22  Probe (Chrono Boost)  
  15  0:38  Probe (Chrono Boost)  
  16  0:47  Assimilator  
  16  0:49  Probe (Chrono Boost)  
  17  0:50  Gateway  
  17  0:59  Probe (Chrono Boost)  
  17  1:01  Pylon  
  18  1:10  Probe (Chrono Boost)  
  19  1:20  Probe (Chrono Boost)  
  20  1:31  Probe (Chrono Boost)  
  21  1:37  Zealot  
  23  1:42  Cybernetics Core, Probe (Chrono Boost)  
  24  1:54  Probe (Chrono Boost)  
  25  2:01  Nexus  
  25  2:05  Probe (Chrono Boost)  
  26  2:12  Warp Gate  
  27  2:16  Probe (Chrono Boost)  
  26  2:23  Gateway  
  26  2:30  Pylon  
  26  2:32  Zealot  
  29  2:38  Probe (Chrono Boost)  
  29  2:42  Assimilator  
  29  2:49  Probe (Chrono Boost)  
  30  2:58  Adept  
  30  3:00  Probe (Chrono Boost)  
  33  3:06  Pylon  
  33  3:09  Adept  
  33  3:12  Probe (Chrono Boost)  
  36  3:21  Probe (Chrono Boost)  
  36  3:22  Stalker  
  36  3:26  Probe (Chrono Boost)  
  40  3:33  Probe (Chrono Boost)  
  41  3:37  Probe (Chrono Boost)  
  42  3:41  Robotics Facility  
  42  3:43  Adept  
  42  3:47  Probe (Chrono Boost)  
  45  3:50  Probe (Chrono Boost)  
  45  3:51  Adept  
  48  3:58  Probe (Chrono Boost)  
  48  4:01  Probe (Chrono Boost)  
  50  4:08  Adept  
  50  4:09  Probe (Chrono Boost)  
  51  4:11  Pylon  
  51  4:12  Probe (Chrono Boost)  
  54  4:20  Probe (Chrono Boost)  
  54  4:23  Probe (Chrono Boost)  
  56  4:27  Immortal, Stalker  
  62  4:32  Pylon  
  62  4:33  Probe (Chrono Boost)  
  62  4:35  Probe (Chrono Boost)  
  64  4:42  Stalker  
  64  4:44  Probe (Chrono Boost)  
  67  4:47  Probe (Chrono Boost)  
  67  4:52  Robotics Facility  
  68  4:53  Stalker  
  70  5:02  Immortal  
  70  5:04  Probe (Chrono Boost)  
  70  5:05  Probe (Chrono Boost)  
  75  5:14  Pylon  
  75  5:15  Probe (Chrono Boost)  
  75  5:16  Pylon  
  75  5:21  Stalker  
  78  5:26  Twilight Council  
  78  5:31  Assimilator  
  78  5:38  Probe (Chrono Boost), Assimilator  
  78  5:41  Probe (Chrono Boost)  
  80  5:49  Gateway  
  80  5:51  Pylon  
  80  5:54  Probe x2 (Chrono Boost)  
  81  6:04  Zealot  
  81  6:05  Probe x2 (Chrono Boost)  
  81  6:07  Templar Archives  
  85  6:15  Probe (Chrono Boost)  
  86  6:23  Forge  
  86  6:27  Nexus, Forge  
  86  6:29  Sentry  
  88  6:33  Pylon  
  88  6:34  Stalker  
  90  6:43  High Templar  
  92  6:50  Sentry, Pylon  
  94  6:54  Stalker  
  94  6:56  Protoss Ground Weapons Level 1  
  94  6:58  Protoss Ground Armor Level 1  
  94  6:59  Gateway  
  96  7:11  Photon Cannon  
  96  7:12  High Templar, Stalker  
  96  7:13  Pylon  
  100  7:16  Zealot  
  100  7:18  Observer  
  100  7:22  Archon  
  103  7:30  Warp Prism  
  103  7:33  High Templar  
  103  7:34  Photon Cannon  
  103  7:37  Photon Cannon  
  107  7:40  Probe (Chrono Boost)  
  107  7:41  Probe x2 (Chrono Boost)  
  110  7:46  High Templar, Assimilator  
  110  7:48  Pylon  
  110  7:50  Stalker, Assimilator  
  115  7:52  Probe (Chrono Boost)  
  115  7:54  Probe x2 (Chrono Boost)  
  115  7:55  Stalker  
  115  7:56  Nexus  
  119  8:00  Archon  
  119  8:03  Probe (Chrono Boost)  
  122  8:05  Probe (Chrono Boost)  
  122  8:06  Probe (Chrono Boost)  
  122  8:09  High Templar  
  124  8:15  Probe (Chrono Boost)  
  124  8:17  Probe (Chrono Boost)  
  124  8:18  Probe (Chrono Boost)  
  127  8:20  High Templar  
  127  8:23  Photon Cannon, Stalker  
  127  8:26  Probe (Chrono Boost)  
  132  8:29  Probe (Chrono Boost)  
  132  8:30  Probe (Chrono Boost), Pylon  
  132  8:31  Zealot  
  128  8:38  Probe (Chrono Boost)  
  128  8:39  Sentry  
  128  8:40  Probe (Chrono Boost)  
  104  8:45  Stalker  
  94  8:49  Zealot  
  94  8:50  Stalker  
  94  8:55  Immortal  
  98  9:00  Zealot  
  98  9:01  Archon  
  104  9:06  Zealot  
  104  9:07  High Templar  
  104  9:09  Probe (Chrono Boost)  
  109  9:11  Zealot  
  109  9:14  Immortal  
  111  9:18  Sentry, Assimilator  
  117  9:24  High Templar  
  117  9:27  Assimilator  
  117  9:30  Immortal, Zealot  
  121  9:34  Stargate  
  121  9:38  Zealot  
  127  9:39  Archon, Adept  
  129  9:48  Zealot  
  131  9:53  High Templar  
  131  9:56  Zealot  
  131  9:58  Zealot  
  137  10:05  Immortal  
  137  10:07  Zealot  
  139  10:08  Pylon  
  139  10:10  Immortal  
  132  10:14  Sentry  
  132  10:15  Probe (Chrono Boost)  
  132  10:16  Stalker  
  132  10:18  Phoenix  
  115  10:21  Probe (Chrono Boost)  
  115  10:22  Probe (Chrono Boost)  
  115  10:23  Zealot  
  115  10:24  Probe (Chrono Boost)  
  115  10:25  Stalker  
  113  10:33  Probe (Chrono Boost)  
  112  10:36  Stalker  
  112  10:38  Zealot  
  112  10:42  High Templar  
  95  10:47  Archon, Zealot  
  96  10:56  Probe (Chrono Boost), High Templar  
  98  10:57  Adept  
  98  10:58  Probe (Chrono Boost)  
  88  11:05  High Templar  
  88  11:09  Archon  
  73  11:12  Zealot, Nexus  
  73  11:17  Stalker  
  61  11:26  Zealot  
  43  11:47  Stalker  
  33  11:55  Zealot  
  24  12:23  Zealot  
Tags
 
Add a new tag
Caveats
  • Supply blocks, unpowered buildings, or Contaminate may cause inaccurate times.
  • Supply counts are checked every 10 seconds.